Map: 어스름 탑

Players

Serral

  • Race: Zerg Zerg
  • League: Grandmaster

viOLet - Winner!

  • Race: Zerg Zerg

Event: DreamHack ZOWIE Open Leipzig

VOD

https://www.youtube.com/watch?v=7pRZRy78kOE

Description

Time

  • Played on: Jan. 23, 2016, 9:36 a.m.
  • Length: 13:38

All games in this series

Show
View Real Time Build Order
Export as new Build Order

Serral Zerg 

Build Orders: Hatch First 

Get SALT Encoding   

  12  0:00  Drone  
  13  0:13  Overlord  
  13  0:18  Drone  
  14  0:31  Drone  
  14  0:32  Drone  
  16  0:36  Drone  
  17  0:52  Hatchery  
  17  0:55  Drone  
  17  1:00  Drone  
  17  1:03  Extractor  
  17  1:08  Drone  
  18  1:16  Spawning Pool  
  17  1:20  Drone  
  18  1:29  Drone  
  19  1:39  Overlord  
  19  2:03  Metabolic Boost, Queen  
  19  2:04  Queen, Zergling x4  
  19  2:06  Drone  
  26  2:12  Drone  
  27  2:15  Drone  
  28  2:23  Baneling Nest, Drone  
  28  2:26  Drone  
  29  2:33  Overlord  
  29  2:36  Drone  
  30  2:44  Drone  
  30  2:47  Drone  
  32  2:55  Drone  
  33  2:58  Zergling x2  
  34  3:07  Baneling x2  
  34  3:09  Zergling x4  
  35  3:14  Evolution Chamber  
  35  3:15  Zergling x10  
  35  3:19  Baneling  
  39  3:20  Baneling  
  36  3:36  Drone x3  
  36  3:39  Drone x2  
  42  3:48  Drone  
  43  3:49  Overlord  
  43  3:53  Roach Warren  
  42  3:55  Overlord  
  42  3:58  Drone  
  43  4:05  Hatchery  
  43  4:08  Drone x2  
  43  4:09  Drone x3  
  47  4:11  Extractor  
  46  4:20  Overlord  
  46  4:23  Drone x2  
  46  4:24  Overlord  
  46  4:35  Roach  
  46  4:36  Roach x4  
  51  4:38  Extractor  
  50  4:47  Roach x2  
  50  4:50  Drone x2  
  50  4:51  Evolution Chamber  
  50  4:52  Drone x3  
  58  4:54  Drone  
  58  4:58  Lair  
  59  5:00  Drone  
  59  5:02  Drone  
  61  5:13  Overlord, Extractor, Drone  
  61  5:17  Queen  
  61  5:19  Drone x2  
  61  5:21  Zerg Missile Weapons Level 1  
  65  5:24  Drone x2  
  65  5:27  Roach  
  69  5:30  Overlord  
  69  5:33  Drone  
  70  5:36  Zergling x4  
  70  5:39  Roach  
  74  5:44  Drone, Roach  
  74  5:45  Roach  
  79  5:50  Roach x2  
  79  5:56  Drone  
  84  5:57  Glial Reconstitution  
  84  5:59  Overlord  
  84  6:00  Overlord  
  84  6:03  Overseer  
  84  6:24  Overlord  
  84  6:39  Spore Crawler x2  
  82  6:41  Pneumatized Carapace  
  82  6:42  Spore Crawler, Queen x2  
  82  6:44  Spore Crawler  
  82  6:45  Spore Crawler  
  82  6:46  Drone x8, Spore Crawler  
  89  6:49  Drone x2  
  89  6:50  Spore Crawler  
  89  6:52  Drone  
  90  6:57  Drone x2  
  90  6:59  Spore Crawler  
  91  7:10  Overlord x2, Nydus Network  
  91  7:11  Overlord  
  91  7:15  Overlord  
  90  7:17  Overlord x2  
  90  7:28  Queen x3  
  96  7:39  Roach  
  96  7:40  Roach x6  
  110  7:50  Nydus Canal  
  108  7:52  Roach  
  108  7:53  Roach x3  
  116  8:02  Roach x2  
  120  8:11  Nydus Canal  
  120  8:17  Overlord x3  
  120  8:22  Overlord x2  
  116  8:32  Roach x3  
  118  8:43  Zerg Missile Weapons Level 2  
  118  8:47  Drone x7  
  123  8:54  Extractor x2  
  117  9:04  Overlord  
  117  9:10  Drone x4  
  117  9:11  Drone, Spire  
  117  9:14  Roach x4  
  117  9:15  Ravager x8  
  117  9:16  Ravager  
  117  9:17  Ravager  
  139  9:19  Spine Crawler  
  139  9:22  Roach x3  
  142  9:32  Roach x5  
  152  9:42  Drone  
  153  9:47  Overlord  
  153  9:51  Hatchery  
  152  9:58  Overlord x5  
  152  10:11  Roach x3  
  158  10:22  Mutalisk x9  
  158  10:24  Mutalisk  
  158  10:27  Drone x2  
  180  10:34  Drone x2  
  182  10:36  Zerg Flyer Armor Level 1  
  182  10:37  Drone x2  
  182  10:40  Extractor  
  182  10:42  Extractor  
  182  10:43  Drone x3  
  182  10:46  Roach x4  
  193  10:50  Overlord  
  193  10:53  Overlord  
  193  11:08  Ravager x2  
  193  11:09  Ravager  
  196  11:13  Roach  
  190  11:22  Roach  
  190  11:23  Roach x12  
  135  11:33  Roach x7  
  133  11:42  Roach x3  
  133  11:43  Roach  
  133  11:44  Roach x2  
  137  11:57  Hydralisk Den, Roach x5  
  146  12:04  Ravager x2  
  146  12:05  Ravager x2  
  146  12:06  Ravager, Roach  
  146  12:07  Roach x2  
  158  12:08  Ravager x2  
  159  12:21  Drone x4  
  163  12:32  Hydralisk x6  
  163  12:33  Hydralisk  
  173  12:40  Hydralisk x2  
  173  12:41  Hydralisk  
  179  12:47  Hydralisk x3  
  185  12:58  Roach x6  
  191  13:09  Ravager x3  
  194  13:12  Roach  
  194  13:13  Roach x3  
  194  13:19  Overlord  
Show
View Real Time Build Order
Export as new Build Order

viOLet Zerg - Winner!

Build Orders: Pool First, Lurkers 

Get SALT Encoding   

  12  0:00  Drone  
  13  0:12  Overlord  
  13  0:17  Drone  
  14  0:30  Drone x2  
  14  0:34  Drone  
  17  0:41  Extractor  
  16  0:45  Drone  
  17  0:54  Spawning Pool  
  17  0:55  Drone  
  17  1:07  Drone  
  18  1:18  Drone  
  19  1:26  Hatchery  
  18  1:41  Queen  
  18  1:42  Metabolic Boost  
  18  1:44  Zergling x2  
  21  1:49  Overlord  
  21  1:53  Zergling x2  
  22  2:09  Zergling x2  
  22  2:11  Zergling x2  
  24  2:16  Queen  
  24  2:21  Zergling x2  
  27  2:33  Zergling x2  
  28  2:38  Zergling x2  
  28  2:40  Roach Warren  
  28  2:44  Zergling x2  
  29  2:48  Drone x2  
  29  2:50  Drone x2  
  33  2:57  Overlord  
  34  3:05  Drone  
  34  3:12  Drone x2  
  35  3:19  Drone  
  36  3:20  Drone  
  36  3:23  Drone x2  
  36  3:27  Drone  
  40  3:28  Drone x2  
  40  3:29  Drone  
  39  3:35  Roach x2  
  42  3:43  Overlord  
  42  3:45  Drone  
  41  3:56  Lair  
  41  3:58  Roach  
  45  4:02  Roach  
  45  4:06  Roach  
  45  4:07  Roach, Zergling x4  
  45  4:09  Drone  
  52  4:12  Extractor  
  51  4:17  Zergling x2  
  51  4:22  Zergling x6  
  49  4:36  Drone x4  
  49  4:37  Drone  
  47  4:44  Drone x2  
  49  4:50  Overlord  
  49  4:55  Hatchery  
  49  4:56  Drone  
  49  5:01  Spire, Extractor  
  49  5:02  Extractor  
  49  5:04  Drone  
  49  5:05  Drone  
  48  5:10  Drone x2  
  50  5:15  Drone  
  50  5:16  Drone  
  50  5:17  Drone  
  50  5:18  Drone  
  54  5:22  Drone  
  54  5:26  Overlord  
  54  5:27  Drone  
  56  5:35  Overlord  
  56  5:36  Drone  
  57  5:43  Drone x2  
  57  5:44  Overlord  
  57  5:47  Drone x2  
  61  5:54  Drone  
  62  6:07  Queen  
  64  6:13  Mutalisk x5  
  64  6:15  Mutalisk  
  76  6:21  Evolution Chamber  
  76  6:23  Zerg Flyer Weapons Level 1  
  76  6:25  Mutalisk  
  75  6:29  Drone x2  
  79  6:36  Drone x3  
  82  6:41  Drone x2  
  82  6:42  Drone x2  
  82  6:46  Glial Reconstitution  
  85  6:48  Drone  
  85  6:51  Overlord  
  85  6:52  Zerg Missile Weapons Level 1  
  85  6:53  Drone  
  87  6:57  Drone x2  
  87  7:00  Overlord  
  89  7:03  Drone  
  89  7:04  Overlord  
  90  7:09  Drone x2  
  90  7:11  Drone  
  93  7:17  Overlord  
  93  7:20  Drone x2  
  93  7:22  Drone x2  
  97  7:26  Drone x3  
  100  7:30  Overlord, Extractor  
  100  7:31  Overlord  
  99  7:39  Roach x5  
  99  7:41  Roach  
  99  7:42  Roach  
  113  7:46  Roach x2  
  113  7:47  Roach  
  113  7:50  Roach  
  113  7:51  Roach  
  117  7:52  Roach  
  117  7:53  Roach x2  
  117  7:58  Ravager, Roach x2  
  127  7:59  Ravager x2  
  127  8:01  Overlord  
  127  8:02  Roach  
  132  8:08  Roach x3  
  136  8:13  Ravager  
  136  8:14  Ravager  
  138  8:20  Overlord  
  138  8:21  Roach x4  
  144  8:28  Roach  
  146  8:34  Overlord x2  
  146  8:40  Roach x5  
  148  8:41  Roach  
  148  8:43  Roach x2  
  148  8:46  Ravager x2  
  148  8:47  Roach  
  154  8:58  Zerg Missile Weapons Level 2  
  154  9:01  Drone x3  
  154  9:02  Extractor  
  156  9:05  Overlord  
  156  9:16  Overlord x4  
  156  9:17  Hatchery, Hydralisk Den  
  156  9:20  Roach x7  
  168  9:39  Roach  
  168  9:40  Roach x6  
  182  9:46  Roach x3  
  182  9:50  Muscular Augments  
  188  9:56  Hydralisk  
  188  9:57  Hydralisk x3  
  188  9:58  Hydralisk  
  198  10:08  Overlord  
  198  10:09  Extractor  
  198  10:13  Extractor  
  196  10:16  Ravager x3  
  196  10:17  Ravager  
  196  10:20  Overlord  
  200  10:40  Overseer  
  196  11:08  Lurker Den  
  196  11:15  Zerg Ground Armor Level 1  
  120  11:39  Hydralisk x2  
  97  11:40  Hydralisk x13  
  97  11:42  Roach x6  
  97  11:43  Roach x13  
  150  11:49  Roach x2  
  150  11:50  Roach  
  145  11:54  Roach  
  145  11:58  Roach x2  
  155  12:01  Roach x2  
  155  12:03  Roach  
  155  12:04  Hydralisk  
  159  12:13  Roach x6  
  171  12:19  Ravager x3, Roach  
  171  12:21  Roach  
  178  12:25  Roach x3  
  178  12:29  Roach  
  186  12:36  Roach x2  
  190  12:41  Lurker x5  
  195  12:48  Roach x2  
  196  13:11  Spore Crawler  
  196  13:12  Roach x2  
  196  13:14  Roach  
  196  13:18  Roach  

Tags
 
Add a new tag
Caveats
  • Supply blocks, unpowered buildings, or Contaminate may cause inaccurate times.
  • Supply counts are checked every 10 seconds.